 Dungeon Crawl Stone Soup version 0.28.0-53-g5a82cb258f (webtiles) character file.

Game seed: 16511990675237827912

2749 Zeld the Cleaver (level 9, -8/121 HPs)
             Began as a Minotaur Berserker on June 16, 2022.
             Was an Elder of Trog.
             Mangled by a boulder beetle (12 damage)
             ... on level 7 of the Dungeon.
             The game lasted 00:06:56 (8854 turns).

Zeld the Cleaver (Minotaur Berserker)               Turns: 8854, Time: 00:06:57

Health: -8/121     AC: 17    Str: 26    XL:     9   Next: 41%
Magic:  8/8        EV:  9    Int:  4    God:    Trog [****..]
Gold:   471        SH:  0    Dex: 10    Spells: 8/8 levels left

rFire   . . .      SeeInvis .   a - +0 war axe
rCold   . . .      Faith    .   (no shield)
rNeg    . . .      Spirit   .   b - +0 plate armour
rPois   .          Reflect  .   (helmet restricted)
rElec   .          Harm     .   (no cloak)
rCorr   .          Rampage  .   p - +0 pair of gloves
Will    .....                   m - +1 pair of boots
Stlth   ..........              (no amulet)
HPRegen 0.30/turn               (no ring)
MPRegen 0.11/turn               (no ring)

@: berserking (expiring), very quick
A: horns 2, retaliatory headbutt
a: Renounce Religion, Berserk, Trog's Hand, Brothers in Arms


You were on level 7 of the Dungeon.
You worshipped Trog.
Trog was greatly pleased with you.
You visited 2 branches of the dungeon, and saw 8 of its levels.
You also visited: Ossuary.

You collected 471 gold pieces.

Inventory:

Hand Weapons
 a - a +0 war axe (weapon)
Armour
 b - a +0 plate armour (worn)
 m - a +1 pair of boots (worn)
 p - a +0 pair of gloves (worn)
Wands
 l - a wand of paralysis (22)
 w - a wand of iceblast (3)
Scrolls
 c - 2 scrolls of summoning
 f - a scroll of fog
 i - a scroll of brand weapon
 j - 7 scrolls of teleportation
 k - 2 scrolls of fear
 o - a scroll of enchant armour
 v - 3 scrolls of blinking {unknown}
 x - a scroll of silence {unknown}
Potions
 d - 2 potions of heal wounds {unknown}
 e - 3 potions of invisibility {unknown}
 g - a potion of haste {unknown}
 h - a potion of degeneration {unknown}
 n - a potion of brilliance {unknown}
 q - 3 potions of lignification {unknown}
 r - 2 potions of curing {unknown}
 s - a potion of cancellation {unknown}
 u - 2 potions of flight {unknown}
 z - a potion of magic {unknown}


   Skills:
 + Level 7.8 Fighting
 * Level 10.5 Axes
 + Level 7.3 Armour
 + Level 6.6 Dodging


You had 8 spell levels left.
You didn't know any spells.
Your spell library was empty.

Dungeon Overview and Level Annotations

Branches:
Dungeon (7/15)             Temple (1/1) D:7         Ossuary (visited)

Altars:
Cheibriados
Elyvilon
Fedhas
Gozag
Hepliaklqana
Kikubaaqudgha
Nemelex Xobeh
Okawaru
Qazlal
Ru
Uskayaw
Vehumet
Xom
Yredelemnul
The Shining One

Shops:
D:1 (

Annotations:
D:7 Pikel


Innate Abilities, Weirdness & Mutations

You have a pair of horns on your head.
You reflexively headbutt those who attack you in melee.


Message History

No target in view!
You now have 471 gold pieces (gained 20).
A boulder beetle comes into view.
The boulder beetle curls into a ball and begins rolling!
A boulder beetle is nearby!
A boulder beetle is nearby!
Found a scroll of teleportation.
The boulder beetle hits you!!!
The boulder beetle stops rolling and uncurls.
A red film seems to cover your vision as you go berserk!
You feel yourself moving faster!
You feel mighty!
The boulder beetle waves its antennae.
The boulder beetle bites you!!
You barely miss the boulder beetle. You headbutt the boulder beetle.
The boulder beetle is lightly wounded.
The boulder beetle bites you but does no damage.
You hit the boulder beetle but do no damage.
The boulder beetle is lightly wounded.
The boulder beetle closely misses you.
You slash the boulder beetle!
The boulder beetle is moderately wounded.
You slash the boulder beetle! You headbutt the boulder beetle.
The boulder beetle is moderately wounded.
The boulder beetle bites you!!
* * * LOW HITPOINT WARNING * * *
You hit the boulder beetle but do no damage.
The boulder beetle is moderately wounded.
The boulder beetle bites you but does no damage.
You slash the boulder beetle!
The boulder beetle is heavily wounded.
You hit the boulder beetle.
The boulder beetle is heavily wounded.
The boulder beetle bites you!!
* * * LOW HITPOINT WARNING * * *
You slash the boulder beetle! Your punch misses the boulder beetle.
The boulder beetle is severely wounded.
You hit the boulder beetle. You headbutt the boulder beetle!
The boulder beetle is almost dead.
The boulder beetle bites you!
You die...

......#..## #..>...#..#
##........# ##..####..##
#..######..##
).#...##....#
(...#.......## #
######....#..#######..?#
## #######....@B.....#
.## #...........# ..###
#.....####### ....###
#..#### ......### #..#
#.......####..#
###.......##..#
###........(#
###.......#


You could see a boulder beetle.

Vanquished Creatures
  A cyclops (D:6)
  Sigmund (D:5)
  A water moccasin (D:5)
  A black bear (D:4)
  An orc warrior (D:4)
  A sky beast (D:3)
  2 ice beasts (D:6)
  3 ogres
  2 lemures (D:6)
  A phantom (D:6)
  2 elf zombies (Ossuary)
  A bullfrog (D:7)
  A wyvern zombie (D:6)
  A scorpion (D:5)
  2 elf skeletons (D:5)
  A wyvern skeleton (D:6)
  2 centaur zombies
  A human zombie (Ossuary)
  3 centaur skeletons
  2 hounds
  A jelly (D:5)
  4 orc priests
  Natasha (thrice) (D:2)
  A gnoll shaman (D:6)
  3 orc wizards
  Ijyb (D:3)
  A hound skeleton (D:5)
  4 mummies (Ossuary)
  Robin (D:3)
  4 gnolls (D:6)
  4 adders
  2 white imps
  2 adder zombies (Ossuary)
  2 worms (D:5)
  2 dart slugs
  17 orcs
  7 bats
  7 endoplasms
  5 giant cockroaches
  A gnoll zombie (Ossuary)
  17 goblins
  6 hobgoblins
  5 jackals (D:3)
  4 kobolds
  4 quokkas
  4 ball pythons
  3 frilled lizards
  2 hobgoblin zombies (Ossuary)
  A jackal zombie (Ossuary)
  2 kobold zombies (Ossuary)
  2 orc skeletons (D:5)
  2 orc zombies (D:5)
  4 rats
  A rat zombie (Ossuary)
159 creatures vanquished.

Notes
Turn   | Place    | Note
-------+----------+-------------------------------------------
     0 | D:1      | Zeld the Minotaur Berserker began the quest for the Orb.
     0 | D:1      | Reached XP level 1. HP: 19/19 MP: 0/0
    34 | D:1      | Found Asadd's Weapon Boutique.
   337 | D:1      | Reached XP level 2. HP: 27/27 MP: 1/1
   369 | D:1      | Reached skill level 4 in Axes
  1119 | D:2      | Found a faded altar of an unknown god.
  1212 | D:2      | Reached ** piety under Trog
  1269 | D:2      | Noticed Natasha
  1275 | D:2      | Killed Natasha
  1276 | D:2      | Reached XP level 3. HP: 33/33 MP: 2/2
  1687 | D:2      | Noticed Natasha
  1693 | D:2      | Killed Natasha
  1694 | D:2      | Reached XP level 4. HP: 40/40 MP: 3/3
  1984 | D:2      | Found a faded altar of an unknown god.
  2155 | D:2      | Noticed Natasha
  2163 | D:2      | Killed Natasha
  2164 | D:2      | Reached skill level 5 in Axes
  2711 | D:3      | Noticed Robin
  2731 | D:3      | Killed Robin
  2732 | D:3      | Reached XP level 5. HP: 35/47 MP: 4/4
  3100 | D:3      | Noticed a sky beast
  3112 | D:3      | Killed a sky beast
  3297 | D:3      | Noticed Ijyb
  3302 | D:3      | Killed Ijyb
  3303 | D:3      | Reached XP level 6. HP: 55/55 MP: 5/5
  3359 | D:3      | Reached *** piety under Trog
  3613 | D:4      | Reached skill level 5 in Fighting
  3613 | D:4      | Reached skill level 6 in Axes
  3899 | D:4      | Found a white marble altar of Elyvilon.
  4114 | D:4      | Reached XP level 7. HP: 61/61 MP: 6/6
  4180 | D:4      | Reached skill level 7 in Axes
  4715 | D:4      | Reached skill level 5 in Armour
  5023 | D:4      | Found a sparkling altar of Nemelex Xobeh.
  5093 | D:5      | Entered Level 5 of the Dungeon
  5475 | D:5      | Reached XP level 8. HP: 46/70 MP: 7/7
  5491 | D:5      | Reached skill level 5 in Dodging
  5501 | D:5      | Reached skill level 8 in Axes
  5553 | D:5      | Found a sand-covered staircase.
  5558 | Ossuary  | Entered an ossuary
  5602 | Ossuary  | Reached **** piety under Trog
  6020 | Ossuary  | Identified the +3 leather armour of Dishonesty {rF+ rN+
                  | Stlth+}
  6077 | D:5      | Noticed Sigmund
  6090 | D:5      | Killed Sigmund
  6091 | D:5      | Reached skill level 9 in Axes
  6833 | D:6      | Found an ancient bone altar of Kikubaaqudgha.
  7089 | D:6      | Reached XP level 9. HP: 52/79 MP: 8/8
  7341 | D:6      | Noticed a cyclops
  7350 | D:6      | Killed a cyclops
  7351 | D:6      | Reached skill level 10 in Axes
  8304 | D:7      | Noticed Pikel
  8431 | D:7      | Found a staircase to the Ecumenical Temple.
  8451 | Temple   | Entered the Ecumenical Temple
  8841 | D:7      | Noticed a boulder beetle
  8852 | D:7      | HP: 4/121 [boulder beetle (23)]
  8854 | D:7      | Mangled by a boulder beetle

Illustrated notes

Levels and vault maps discovered:
D:1:      nicolae_arrival_somewhat_less_tricky_arrival, layout_basic,
          serial_shops, nicolae_diamond_shop
D:2:      layout_loops_cross, hellmonk_ecumenical_altar_run_dry, uniq_natasha
D:3:      layout_rooms, minmay_diced_spiral, uniq_ijyb, uniq_robin
D:4:      layout_cave_pools, mainiacjoe_overflow_brackets,
          mainiacjoe_overflow_surrounded_room, minmay_crossroads
D:5:      layout_cave_pools, nicolae_ossuary_entry_catacombs,
          cheibrodos_sewer_entry_bend, uniq_sigmund
D:6:      layout_gridville, mainiacjoe_overflow_small_starburst
D:7:      layout_cave_pods, minmay_temple_entry_wispy, uniq_prince_ribbit1,
          uniq_duvessa, uniq_pikel
Temple:   minmay_temple_forest_path

Skill      XL: |  1  2  3  4  5  6  7  8  9 |
---------------+----------------------------+-----
Axes           | 4 5 6 7 9 10 | 10.5
Fighting       | 4 5 6 7 |  7.8
Armour         | 3 4 5 6 7 |  7.3
Dodging        | 3 4 6 |  6.6

Action                   |  1- 3 |  4- 6 |  7- 9 || total
-------------------------+-------+-------+-------++-------
Melee: Hand axe          |    56 |    93 |       ||   149
       Headbutt          |     8 |    18 |    59 ||    85
       Punch             |     1 |       |     4 ||     5
       War axe           |       |    15 |   272 ||   287
Invok: Berserk           |     1 |     2 |     4 ||     7
  Use: Scroll            |       |       |     9 ||     9
Armor: Animal skin       |     8 |    14 |     1 ||    23
       Plate armour      |       |       |   146 ||   146
Dodge: Dodged            |    30 |    59 |   104 ||   193
